 Dungeon Crawl Stone Soup version 0.30-a0-591-g3c58d2bc28 (webtiles) character file.

Game seed: 16044878624516077362

2641 wormed the Insei (level 9, -12/73 HPs)
             Began as an Octopode Transmuter on Jan 5, 2023.
             Mangled by a two-headed ogre
             ... wielding a +0 dire flail
              (17 damage)
             ... on level 6 of the Dungeon.
             The game lasted 00:11:56 (8146 turns).

wormed the Insei (Octopode Transmuter)              Turns: 8146, Time: 00:11:56

Health: -12/73     AC:  8    Str: 14    XL:     9   Next: 61%
Magic:  14/16      EV: 13    Int: 25    God:
Gold:   181        SH:  0    Dex: 19    Spells: 9/18 levels left

rFire   + . .      SeeInvis .      - Unarmed
rCold   + + +      Faith    .    (shield currently unavailable)
rNeg    + . .      Spirit   .    (helmet currently unavailable)
rPois   +          Reflect  .    j - amulet of the acrobat
rElec   .          Harm     .    f - ring "Miroj" {rF++ rN+ Str+5 Int+6}
rCorr   .          Rampage  .    y - +6 ring of dexterity
Will    +....                    z - ring of willpower
Stlth   ++                       (no ring)
HPRegen 0.32/turn                (no ring)
MPRegen 0.15/turn                (no ring)
                                 (no ring)
                                 (no ring)

@: ice-form, wereblooded (expiring), hasted, very quick
A: freezing attack, boosted hp, almost no armour, amphibious, 8 rings, large,
(camouflage 1), (gelatinous body 1), (nimble swimmer 1), (tentacles)
a: End Transformation


You were on level 6 of the Dungeon.
You were a creature of crystalline ice.
You visited 2 branches of the dungeon, and saw 7 of its levels.
You also visited: Sewer.

You collected 181 gold pieces.

Inventory:

Armour
 h - a +0 hat (melded)
Jewellery
 f - the ring "Miroj" (left front paw) {rF++ rN+ Str+5 Int+6}
   (You acquired it on level 3 of the Dungeon)

   [ring of intelligence]

   Str:       It affects your strength (+5).
   Int:       It affects your intelligence (+6).
   rF:        It greatly protects you from fire.
   rN:        It protects you from negative energy.
 j - an amulet of the acrobat (around neck)
 y - a +6 ring of dexterity (right front paw)
 z - a ring of willpower (on tentacle)
Wands
 i - a wand of paralysis (13) (quivered)
 o - a wand of flame (4)
 q - a wand of iceblast (7)
 A - a wand of light (9)
Scrolls
 k - a scroll of brand weapon
 l - 3 scrolls of teleportation
 m - 2 scrolls of fear {unknown}
 r - a scroll of amnesia {unknown}
 s - a scroll of immolation {unknown}
 t - a scroll of blinking {unknown}
 u - a scroll of enchant weapon {unknown}
 w - 2 scrolls of enchant armour {unknown}
 x - a scroll of noise {unknown}
Potions
 a - 3 potions of lignification
 b - a potion of flight
 c - 2 potions of curing {unknown}
 d - 3 potions of brilliance {unknown}
 e - 3 potions of magic {unknown}
 g - 2 potions of might {unknown}
 n - 2 potions of heal wounds
 p - a potion of mutation {unknown}


   Skills:
 + Level 5.0 Fighting
 + Level 5.4 Dodging
 + Level 5.9 Unarmed Combat
 + Level 5.1 Spellcasting
 * Level 5.9 Transmutations
 + Level 4.9 Ice Magic


You had 9 spell levels left.
You knew the following spells:

 Your Spells              Type           Power      Damage    Failure   Level
a - Ice Form              Ice/Tmut       33%        N/A       9%          4
b - Wereblood             Tmut           36%        N/A       1%          2
c - Beastly Appendage     Tmut           72%        N/A       1%          1
d - Blink                 Tloc           12%        N/A       12%         2

Your spell library contained the following spells:

 Spells                   Type           Power      Damage    Failure   Level
 Ozocubu's Armour         Ice            30%        N/A       3%          3
 Spider Form              Tmut/Pois      21%        N/A       7%          3
 Necrotise                Necr           24%        1d5       9%          1
 Ignite Poison            Fire/Tmut/Pois 16%        N/A       11%         3
 Kindle Blastsparks       Fire/Tloc/Air  12%        2d11      24%         3
 Vampiric Draining        Necr           6%         2d6       24%         3
 Vhi's Electric Charge    Tloc/Air       12%        N/A       24%         3
 Fulminant Prism          Conj/Hex       3%         3d5       63%         4
 Iskenderun's Mystic Bla  Conj/Tloc      6%         2d4       63%         4
 Manifold Assault         Tloc           6%         N/A       63%         4
 Freezing Cloud           Conj/Ice/Air   7%         6-21      75%         5
 Agony                    Necr           6%         N/A       92%         5
 Arcjolt                  Conj/Air       3%         1d13      92%         5
 Lee's Rapid Deconstruct  Erth           3%         3d5*      92%         5
 Ozocubu's Refrigeration  Ice            15%        4d10      100%        7
 Storm Form               Tmut/Air       10%        N/A       100%        7
 Maxwell's Capacitive Co  Air            3%         ∞         100%        8


Dungeon Overview and Level Annotations

Branches:
Dungeon (6/15)             Temple (1/1) D:4           Sewer (visited)

Altars:
Cheibriados
Dithmenos
Elyvilon
Hepliaklqana
Makhleb
Okawaru
Qazlal
Ru
Trog
Uskayaw
Yredelemnul
Zin
The Shining One

Shops:
D:1 (

Annotations:
D:6 Dowan


Innate Abilities, Weirdness & Mutations

You are a creature of crystalline ice.
You have a powerful freezing melee attack.
Your maximum health is increased.
Your armour is entirely melded.
You are incapable of wielding weapons or throwing items.
You cannot wear most types of armour.
You are amphibious.
You can wear up to eight rings at the same time.
((Your skin changes colour to match your surroundings (Stealth+).))
((Your rubbery body absorbs attacks. (AC +1, EV +1)))
((You are camouflaged when in or above water. (Stealth+)))
((You have tentacles for arms and can constrict up to eight enemies at once.))


Message History

Aiming: Paralyse
Press: ? - help, Q - select action, (/) - cycle Shift-Dir - straight line, f/p - two-headed ogre
Aim: a two-headed ogre, wielding a +0 dire flail and a +0 giant club (chance to affect: 31%)
The two-headed ogre easily resists.
You howl as the wereblood boils in your veins!
Aiming: Paralyse
Press: ? - help, Q - select action, (/) - cycle Shift-Dir - straight line, f/p - two-headed ogre
Aim: a two-headed ogre, wielding a +0 dire flail and a +0 giant club (chance to affect: 31%)
The two-headed ogre easily resists.
Aiming: Paralyse
Press: ? - help, Q - select action, (/) - cycle Shift-Dir - straight line, f/p - two-headed ogre
Aim: a two-headed ogre, wielding a +0 dire flail and a +0 giant club (chance to affect: 31%)
The two-headed ogre easily resists.
The two-headed ogre hits you with a +0 dire flail!!
The two-headed ogre hits you with a +0 giant club!
Aiming: Paralyse
Press: ? - help, Q - select action, (/) - cycle Shift-Dir - straight line, f/p - two-headed ogre
Aim: a two-headed ogre, wielding a +0 dire flail and a +0 giant club (chance to affect: 31%)
The two-headed ogre easily resists.
Aiming: Paralyse
Press: ? - help, Q - select action, (/) - cycle Shift-Dir - straight line, f/p - two-headed ogre
Aim: a two-headed ogre, wielding a +0 dire flail and a +0 giant club (chance to affect: 31%)
The two-headed ogre easily resists.
The two-headed ogre barely misses you.
The two-headed ogre hits you with a +0 giant club!
Aiming: Paralyse
Press: ? - help, Q - select action, (/) - cycle Shift-Dir - straight line, f/p - two-headed ogre
Aim: a two-headed ogre, wielding a +0 dire flail and a +0 giant club (chance to affect: 31%)
The two-headed ogre easily resists.
You howl as the wereblood boils in your veins!
Your primal bloodlust is almost over.
The two-headed ogre hits you with a +0 dire flail!!
* * * LOW HITPOINT WARNING * * *
The two-headed ogre barely misses you.
You feel much better.
You feel yourself speed up.
The two-headed ogre hits you with a +0 dire flail!!
* * * LOW HITPOINT WARNING * * *
The two-headed ogre hits you with a +0 giant club!
You die...

..........###'###.
..................
........†.........
#.....#........... ...
........†......... ...
...........##..... ...
.)...#.....# .....# ...
............# ....# ...
####........Y### #...# ...
...........O.#####... ...
................'... #
...............##.. #
#..#..........# #
#..##.........# #.....#. #
####........)....# #....... #
###...#..........######.....(
.
###.Y............#.....##.....
.


You could see a two-headed ogre.

Vanquished Creatures
  Grinder (D:4)
  Edmund (D:5)
  Menkaure (D:4)
  4 black bears
  An ice beast (D:5)
  4 ogres
  7 kobold brigands (Sewer)
  A phantom (D:4)
  A bullfrog (D:5)
  Blork the orc (D:5)
  A gnoll sergeant (D:6)
  2 scorpions (D:6)
  3 jellies
  2 hounds
  An iguana (D:5)
  An orc wizard (D:5)
  Ijyb (D:4)
  Robin (D:2)
  5 gnolls (D:6)
  12 adders
  A river rat (Sewer)
  A white imp (D:6)
  3 worms
  A dart slug (D:3)
  7 orcs
  4 bats
  11 endoplasms
  3 giant cockroaches
  16 goblins
  7 hobgoblins
  3 jackals (D:1)
  5 quokkas
  4 ball pythons
  4 frilled lizards
  8 kobolds
  8 rats
137 creatures vanquished.

Notes
Turn   | Place    | Note
-------+----------+-------------------------------------------
     0 | D:1      | wormed the Octopode Transmuter began the quest for the Orb.
     0 | D:1      | Reached XP level 1. HP: 13/13 MP: 3/3
   153 | D:1      | Reached XP level 2. HP: 15/18 MP: 3/5
   417 | D:1      | Found a faded altar of an unknown god.
   524 | D:1      | Found Lickuma's Weapon Boutique.
   759 | D:2      | Reached XP level 3. HP: 18/23 MP: 4/6
  1397 | D:2      | Noticed Robin
  1556 | D:3      | Reached skill level 1 in Ice Magic
  1571 | D:3      | Found a glowing drain.
  1575 | Sewer    | Entered a sewer
  1594 | Sewer    | Noticed a kobold brigand
  1628 | Sewer    | Reached XP level 4. HP: 21/29 MP: 5/7
  1633 | Sewer    | Learned a level 2 spell: Wereblood
  1638 | Sewer    | Learned a level 4 spell: Ice Form
  1770 | Sewer    | Noticed a kobold brigand
  1805 | Sewer    | Killed a kobold brigand
  1806 | Sewer    | Reached XP level 5. HP: 34/34 MP: 1/8
  2429 | Sewer    | Noticed a kobold brigand
  2441 | Sewer    | Killed a kobold brigand
  2442 | Sewer    | Reached XP level 6. HP: 41/41 MP: 6/10
  2965 | Sewer    | Reached XP level 7. HP: 45/45 MP: 7/11
  3354 | D:3      | Identified a scroll of acquirement
  3354 | D:3      | Acquired the ring "Miroj" {rF++ rN+ Str+5 Int+6}
  4056 | D:3      | Found a bloodstained altar of Trog.
  4671 | D:2      | Killed Robin
  5030 | D:4      | Learned a level 2 spell: Blink
  5079 | D:4      | Noticed Menkaure
  5090 | D:4      | Killed Menkaure
  5124 | D:4      | Noticed Ijyb
  5137 | D:4      | Killed Ijyb
  5138 | D:4      | Reached XP level 8. HP: 52/52 MP: 9/13
  5191 | D:4      | Noticed Grinder
  5204 | D:4      | Killed Grinder
  5544 | D:4      | Reached skill level 5 in Unarmed Combat
  6079 | D:4      | Found a staircase to the Ecumenical Temple.
  6382 | Temple   | Entered the Ecumenical Temple
  6428 | D:5      | Entered Level 5 of the Dungeon
  6907 | D:5      | Noticed Blork the orc
  6922 | D:5      | Killed Blork the orc
  7207 | D:5      | Reached skill level 5 in Transmutations
  7207 | D:5      | Reached XP level 9. HP: 59/59 MP: 11/15
  7399 | D:5      | Noticed Edmund
  7406 | D:5      | Killed Edmund
  7407 | D:5      | Reached skill level 5 in Dodging
  7602 | D:6      | Noticed a two-headed ogre
  7899 | D:6      | Noticed Dowan
  8076 | D:6      | Reached skill level 5 in Spellcasting
  8098 | D:6      | Reached skill level 5 in Fighting
  8146 | D:6      | Mangled by a two-headed ogre

Illustrated notes

Levels and vault maps discovered:
D:1:      kennysheep_arrival_forest, layout_loops_ring, serial_shops,
          nicolae_shop_statue_plus, basic_ecumenical_altar
D:2:      wad_lake_hut, layout_basic, uniq_robin
D:3:      layout_loops_cross, trog_hazing_becter, gup_sewer_entry_spiral
D:4:      layout_layer_cave, minmay_temple_entry_antechambers, uniq_ijyb,
          uniq_grinder, uniq_menkaure
D:5:      layout_loops_corners, uniq_blork_the_orc, uniq_edmund
D:6:      layout_basic, gammafunk_temple_overflow_elements, serial_shops,
          nicolae_shop_bloodbath_and_beyond, uniq_duvessa
Temple:   hellmonk_temple_two_chambers

Skill      XL: |  1  2  3  4  5  6  7  8  9 |
---------------+----------------------------+-----
Ice Magic      | 1 2 3 4 |  4.9
Fighting       | 2 3 4 5 |  5.0
Dodging        | 3 4 5 |  5.4
Transmutations | 3 4 5 |  5.9
Unarmed Combat | 4 5 |  5.9
Spellcasting   | 3 4 5 |  5.1

Action                   |  1- 3 |  4- 6 |  7- 9 || total
-------------------------+-------+-------+-------++-------
Melee: Unarmed           |    77 |    59 |   208 ||   344
       Constrict         |    18 |     2 |     2 ||    22
       Kick              |    19 |     4 |     1 ||    24
       Tentacles         |     9 |     1 |     5 ||    15
       Punch             |     2 |       |       ||     2
 Cast: Beastly Appendage |    25 |     2 |     2 ||    29
       Ice Form          |       |    11 |    36 ||    47
       Wereblood         |       |       |     4 ||     4
Evoke: Wand              |       |       |     7 ||     7
  Use: Scroll            |     1 |       |     5 ||     6
       Potion            |       |       |     3 ||     3
 Stab: Sleeping          |     5 |       |     1 ||     6
Armor: Skin              |     4 |     9 |    46 ||    59
Dodge: Dodged            |    44 |    26 |   155 ||   225

Table legend: (Time is in decaauts)
 A = Elapsed time spent in this place.
 B = Non-inter-level travel time spent in this place.
 C = Inter-level travel time spent in this place.
 D = Time resting spent in this place.
 E = Time spent auto-exploring this place.
 F = Levels seen in this place.
 G = Mean time per level.
                   A        B        C        D        E       F      G
               +--------+--------+--------+--------+--------+-----+--------+
         Total |   8117 |   7765 |    352 |     31 |   6376 |   8 | 1014.6 |
       Dungeon |   6328 |   5980 |    348 |      0 |   4968 |   6 | 1054.7 |
        Temple |     17 |     13 |      4 |      0 |     10 |   1 |   17.0 |
         Sewer |   1771 |   1771 |      0 |     31 |   1398 |   1 | 1771.0 |
               +--------+--------+--------+--------+--------+-----+--------+

Top non-repeatable levels by time:
   Sewer: 1771 daAuts
     D:4: 1598 daAuts
     D:5: 1276 daAuts
     D:2: 1219 daAuts
     D:3: 1087 daAuts
     D:1: 715 daAuts
     D:6: 431 daAuts
  Temple: 17 daAuts
